 Dungeon Crawl Stone Soup version 0.18.1-50-g88ac8fd (webtiles) character file.

51 lorenzova the Poker (level 3, 0/27 HPs)
             Began as a Merfolk Skald on Oct 17, 2016.
             Succumbed to an adder's poison
             ... on level 2 of the Dungeon.
             The game lasted 00:02:47 (1137 turns).

lorenzova the Poker (Merfolk Skald)                 Turns: 1137, Time: 00:02:47

Health: 0/27       AC:  3    Str: 13    XL:     3   Next: 83%
Magic:  3/6        EV: 15    Int: 11    God:
Gold:   69         SH:  0    Dex: 13    Spells: 2 memorised, 3 levels left

rFire  . . .     SeeInvis .     a - +0 spear
rCold  . . .     Gourm    .     b - +0 leather armour
rNeg   . . .     Faith    .     (no shield)
rPois  .         Spirit   .     (no helmet)
rElec  .         Dismiss  .     (no cloak)
rCorr  .         Reflect  .     (no gloves)
SustAt .         Harm     .     (boots currently unavailable)
MR     .....                    (no amulet)
Stlth  ++........               (no ring)
                                (no ring)

@: lethally poisoned (0 -> -4), very quick, not resistant to hostile
enchantments, unstealthy
A: change form in water, swift swim
a: no special abilities


You were on level 2 of the Dungeon.
You were hungry.

You visited 1 branch of the dungeon, and saw 2 of its levels.

You collected 69 gold pieces.

Inventory:

Hand Weapons
 a - a +0 spear (weapon)
Armour
 b - a +0 leather armour (worn)
Scrolls
 e - a scroll of enchant weapon {unknown}
 i - a scroll of noise {unknown}
Potions
 f - 2 potions of haste {unknown}
 g - a potion of degeneration {unknown}
 h - a potion of ambrosia {unknown}
 j - a potion of cure mutation {unknown}
 k - a potion of cancellation {unknown}
Books
 c - a book of Battle

   Spells                             Type                      Level
   a - Infusion                       Charms                       1
   b - Shroud of Golubria             Charms/Translocation         2
   c - Song of Slaying                Charms                       2
   d - Spectral Weapon                Hexes/Charms                 3
   e - Regeneration                   Charms/Necromancy            3
Comestibles
 d - a bread ration


   Skills:
 - Level 2.1 Fighting
 * Level 4.5 Polearms
 - Level 0.6 Armour
 * Level 2.4 Dodging
 + Level 2.1 Spellcasting
 + Level 3.7 Charms


You had 3 spell levels left.
You knew the following spells:

 Your Spells              Type           Power        Failure   Level  Hunger
a - Infusion              Chrm           #...         10%         1    ##.....
b - Song of Slaying       Chrm           #.......     14%         2    ###....


Dungeon Overview and Level Annotations

Branches:
Dungeon (2/15)

Altars:
Ru


Message History

Your legs become a tail as you enter the water.
There are monsters nearby!
There are monsters nearby!
You are too injured to fight recklessly!
The adder misses you.
Your legs become a tail as you enter the water.
You are too injured to fight recklessly!
You are too injured to fight recklessly!
You are too injured to fight recklessly!
Evoke which item? (* to show all) (? for menu, Esc to quit)
Attack whom?
Press: ? - help, Dir - move target cursor, f - adder
Aim: an adder You reach to attack!
You hit the adder.
The adder is heavily wounded.
The adder bites you.
* * * LOW HITPOINT WARNING * * *
You are lethally poisoned!
The adder poisons you!
You die...

#... #........# ####..#
#........# ##.....# #........#
####### #..###.#####........#
......###.###......#..(.....#
...................#....#
###..###..##............####
#.###..###.≈≈≈≈≈.≈≈≈≈....##
##.# #.##...≈≈≈@≈.≈≈≈≈.....##
##..# #.##...≈≈≈≈≈.≈≈≈≈......#
.#.####.#....≈≈S≈≈.≈≈≈≈......#
.#.................≈≈≈≈......#
...#...##....≈≈≈≈............#
..##........o≈≈≈≈.≈≈≈≈≈......#
..##..##.....≈≈≈≈.≈≈≈≈≈.....##
.............≈≈≈≈.≈≈≈≈≈..).##
..........##.≈≈≈≈.≈≈≈≈≈.####


You could see an orc wizard (mute) and an adder.

Vanquished Creatures
  2 adders (D:2)
  A dart slug (D:1)
  A giant gecko (D:1)
  5 bats
  3 giant cockroaches (D:1)
  6 goblins
  5 hobgoblins
  A quokka (D:2)
  A giant newt (D:2)
  2 kobolds (D:2)
  A rat (D:1)
28 creatures vanquished.

Notes
Turn   | Place    | Note
--------------------------------------------------------------
     0 | D:1      | lorenzova the Merfolk Skald began the quest for the Orb.
     0 | D:1      | Reached XP level 1. HP: 16/16 MP: 3/3
   208 | D:1      | Reached XP level 2. HP: 19/22 MP: 5/5
   212 | D:1      | Learned a level 2 spell: Song of Slaying
   591 | D:1      | Reached skill level 4 in Polearms
   786 | D:1      | Reached XP level 3. HP: 24/27 MP: 6/6
  1087 | D:2      | Found a sacrificial altar of Ru.
  1136 | D:2      | HP: 1/27 [adder (3)]
  1137 | D:2      | Succumbed to an adder's poison

Skill      XL: |  1  2  3 |
---------------+----------+-----
Polearms       | 4 |  4.5
Dodging        | 2 |  2.4
Fighting       | |  2.1
Armour         | |  0.6
Spellcasting   | |  2.1
Charms         | |  3.7

Action                   || total
-------------------------++-------
Melee: Spear             ||   137
 Cast: Infusion          ||     3
Armor: Leather armour    ||    29
Dodge: Dodged            ||    56
